 Dungeon Crawl Stone Soup version 0.32-a0-379-g363f0df (webtiles) character file.

Game seed: 7634324252763487279

206 Nithhogg the Trooper (level 5, -8/47 HPs)
             Began as a Mountain Dwarf Fighter on Feb 19, 2024.
             Mangled by a gnoll
             ... wielding a +0 flail
              (9 damage)
             ... on level 3 of the Dungeon.
             The game lasted 00:04:14 (1965 turns).

Nithhogg the Trooper (Mountain Dwarf Fighter)       Turns: 1965, Time: 00:04:14

Health: -8/47      AC:  7    Str: 20    XL:     5   Next: 53%
Magic:  7/7        EV:  9    Int:  9    God:
Gold:   474        SH:  0    Dex:  9    Spells: 4/4 levels left

rFire   . . .        a - +0 war axe
rCold   . . .        (no shield)
rNeg    . . .        b - +0 scale mail
rPois   .            (no helmet)
rElec   .            (no cloak)
rCorr   .            (no gloves)
SInv    .            (no boots)
Will    .....        (no amulet) Stlth
                     (no ring)
HPRegen 0.27/turn    (no ring)
MPRegen 0.10/turn

%: no passive effects
@: mighty
A: runic magic, artefact enchanting
a: no special abilities


You were on level 3 of the Dungeon.
You visited 1 branch of the dungeon, and saw 3 of its levels.

You collected 474 gold pieces.

Inventory:

Hand Weapons
 a - a +0 war axe (weapon)
Missiles
 h - 3 poisoned darts (quivered)
Armour
 b - a +0 scale mail (worn)
 c - a +0 buckler
Scrolls
 e - a scroll of blinking {unknown}
 g - a scroll of fog
 i - a scroll of butterflies
 j - a scroll of noise
 l - a scroll of brand weapon {unknown}
Potions
 d - a potion of might
 f - a potion of heal wounds {unknown}
 k - 2 potions of curing {unknown}
 m - a potion of enlightenment {unknown}


   Skills:
 + Level 4.4 Fighting
 + Level 4.1 Axes
 + Level 4.4 Armour
 - Level 3.2 Shields
 + Level 3.2 Invocations


You had 4 spell levels left.
You didn't know any spells.
Your spell library contained the following spells:

 Spells                   Type           Power      Damage    Failure   Level
 Call Imp                 Summ           0%         N/A       61%         2
 Sublimation of Blood     Necr           0%         N/A       61%         2
 Summon Hydra             Summ           0%         N/A       100%        7


Dungeon Overview and Level Annotations

Branches:
Dungeon (3/15)

Altars:


Innate Abilities, Weirdness & Mutations

Your spellcasting is much less encumbered by armour.
You can use scrolls of enchantment on lesser artefacts.


Message History

A gnoll is nearby!
A gnoll comes into view. It is wielding a +0 flail.
The gnoll shouts!
A gnoll comes into view. It is wielding a +0 flail.
Found a scroll labelled VUEPHO ERIWOH.
The gnoll hits you with a +0 spear.
You slash the gnoll!
The gnoll is severely wounded.
The gnoll hits you with a +0 spear!
You slash the gnoll!
You kill the gnoll!
You hit the gnoll. The gnoll hits you with a +0 flail.
You hit the gnoll.
The gnoll is heavily wounded.
You closely miss the gnoll. The gnoll closely misses you.
The gnoll hits you with a +0 flail. The gnoll hits you with a +0 flail!
The gnoll hits you with a +0 flail.
You are too injured to fight recklessly!
You are too injured to fight recklessly!
You are too injured to fight recklessly!
You are too injured to fight recklessly!
You are too injured to fight recklessly!
You hit the gnoll.
The gnoll is moderately wounded.
You barely miss the gnoll. The gnoll completely misses you.
The gnoll barely misses you.
You barely miss the gnoll.
The gnoll is moderately wounded.
You hit the gnoll. The gnoll hits you with a +0 flail!
The gnoll hits you but does no damage.
You hit the gnoll but do no damage.
The gnoll is moderately wounded.
You closely miss the gnoll. The gnoll hits you with a +0 flail!
* * * LOW HITPOINT WARNING * * *
The gnoll hits you with a +0 flail.
* * * LOW HITPOINT WARNING * * *
You feel very mighty all of a sudden. The gnoll hits you with a +0 flail.
* * * LOW HITPOINT WARNING * * *
The gnoll hits you with a +0 flail!
You die...

### ..##### #.......
......# ####......
......# #........
......# ####......?
......# ..........
#.#.### #.....#...
...)..###......gg#
###....##.......@#
##......#........######
.).##.#...............#
.####.#.)........<....#
....#.#...............#
###.#.......†.........#
#.#.#.#######.....#
#.#.#.#########'###
#.#.....#....##.#


You could see 2 gnolls.

Vanquished Creatures
  A scorpion (D:3)
  A hound (D:3)
  A gnoll (D:3)
  3 adders
  A ribbon worm (D:3)
  A dart slug (D:1)
  An orc (D:3)
  3 ball pythons
  3 endoplasms
  A giant cockroach (D:2)
  4 goblins
  4 hobgoblins
  3 jackals (D:2)
  3 quokkas
  4 bats
  3 frilled lizards
  4 kobolds
  3 rats
44 creatures vanquished.

Notes
Turn   | Place    | Note
-------+----------+-------------------------------------------
     0 | D:1      | Nithhogg the Mountain Dwarf Fighter began the quest for the
                  | Orb.
     0 | D:1      | Reached XP level 1. HP: 19/19 MP: 1/1
    78 | D:1      | Reached skill level 1 in Invocations
    78 | D:1      | Reached XP level 2. HP: 20/26 MP: 2/2
   261 | D:1      | Found a faded altar of an unknown god.
   650 | D:2      | Reached XP level 3. HP: 31/31 MP: 4/4
  1256 | D:2      | Identified a scroll of acquirement
  1256 | D:2      | Acquired 376 gold pieces
  1319 | D:3      | Reached XP level 4. HP: 39/40 MP: 5/5
  1886 | D:3      | Noticed a scorpion
  1890 | D:3      | Reached XP level 5. HP: 43/46 MP: 5/7
  1965 | D:3      | HP: 1/47 [gnoll/+0 flail (6)]
  1965 | D:3      | Mangled by a gnoll

Illustrated notes

Levels and vault maps discovered:
D:1:      dpeg_arrival_stone_temple_mockup, layout_loops_ring,
          shapermc_ecumenical_altar_venn
D:2:      layout_rooms, serial_rivers, chequers_serial_rivers_room_a,
          chequers_serial_rivers_marsh, chequers_serial_rivers_micro_c,
          chequers_serial_rivers_large_a, chequers_serial_rivers_small_3,
          chequers_serial_rivers_small_b
D:3:      mumra_celtic_spiral_tile, layout_basic, grunt_ministairs_1

Skill      XL: |  1  2  3  4  5 |
---------------+----------------+-----
Invocations    | 1 2 3 |  3.2
Axes           | 3 4 |  4.1
Fighting       | 4 |  4.4
Armour         | 4 |  4.4
Shields        | |  3.2

Action                     |  1- 3 |  4- 6 || total
---------------------------+-------+-------++-------
  Melee: War axe           |    76 |    57 ||   133
    Use: Scroll            |     6 |       ||     6
         Potion            |       |     1 ||     1
 Armour: Scale mail        |    66 |    51 ||   117
  Dodge: Dodged            |    51 |    28 ||    79

Table legend: (Time is in decaauts)
 A = Elapsed time spent in this place.
 B = Non-inter-level travel time spent in this place.
 C = Inter-level travel time spent in this place.
 D = Time resting spent in this place.
 E = Time spent auto-exploring this place.
 F = Levels seen in this place.
 G = Mean time per level.
                   A        B        C        D        E       F      G
               +--------+--------+--------+--------+--------+-----+--------+
         Total |   2026 |   1984 |     42 |      0 |   1621 |   3 |  675.3 |
       Dungeon |   2026 |   1984 |     42 |      0 |   1621 |   3 |  675.3 |
               +--------+--------+--------+--------+--------+-----+--------+

Top non-repeatable levels by time:
     D:2: 712 daAuts
     D:3: 694 daAuts
     D:1: 619 daAuts
